Map: Port Aleksander LE

Players

Neuro - Winner!

  • Race: Zerg Zerg
  • League: Grandmaster
  • Spawn Location: 5:00

avilo

  • Race: Terran Terran
  • League: Master
  • Spawn Location: 11:00

VOD

Have the link to the VOD?

Description

Time

  • Played on: Jan. 8, 2019, 8:03 p.m.
  • Length: 15:57
Show
View Real Time Build Order
Export as new Build Order

Neuro Zerg - Winner!

Build Orders: Hatch First 

Get SALT Encoding   

  12  0:01  Drone  
  13  0:14  Overlord  
  13  0:18  Drone  
  14  0:32  Drone x2  
  16  0:49  Hatchery  
  15  0:54  Drone  
  15  0:56  Drone  
  17  1:00  Drone  
  18  1:10  Extractor  
  17  1:16  Spawning Pool  
  16  1:19  Drone  
  16  1:22  Drone  
  18  1:29  Drone  
  19  1:41  Drone  
  20  1:52  Overlord  
  20  2:02  Queen  
  20  2:03  Queen  
  20  2:04  Zergling x2  
  25  2:16  Metabolic Boost  
  25  2:19  Drone x2  
  27  2:31  Drone x3  
  27  2:36  Spore Crawler  
  29  2:43  Drone x2  
  32  2:52  Hatchery  
  32  2:56  Overlord  
  31  3:01  Drone x2  
  31  3:05  Overlord  
  33  3:15  Drone x4  
  37  3:20  Overlord  
  37  3:27  Drone x4  
  40  3:36  Queen  
  40  3:38  Overlord  
  42  3:43  Zergling x6  
  42  3:47  Lair  
  45  3:51  Drone x2  
  47  3:56  Overlord  
  47  3:59  Drone  
  48  4:05  Queen, Roach Warren  
  48  4:07  Drone  
  50  4:15  Overlord  
  50  4:16  Drone x3  
  53  4:21  Drone  
  53  4:22  Drone x2  
  56  4:26  Drone x3  
  56  4:27  Extractor  
  56  4:28  Extractor  
  56  4:31  Drone x2  
  59  4:36  Queen  
  59  4:38  Drone x2  
  63  4:47  Queen  
  63  4:50  Spore Crawler  
  63  4:52  Queen  
  64  4:55  Roach, Spore Crawler  
  64  4:56  Roach  
  64  4:58  Roach  
  71  5:02  Roach x2  
  75  5:09  Roach x3  
  81  5:21  Overlord x2  
  81  5:22  Spire  
  80  5:29  Drone x2  
  81  5:41  Drone x11  
  92  5:50  Extractor  
  92  5:51  Drone x4  
  92  5:53  Evolution Chamber  
  94  6:04  Burrow  
  94  6:05  Hatchery, Overlord x3  
  94  6:07  Drone  
  94  6:18  Glial Reconstitution, Spore Crawler  
  94  6:19  Zerg Missile Weapons Level 1  
  91  6:29  Drone x5  
  91  6:30  Drone x6  
  91  6:31  Extractor x2  
  98  6:36  Queen x2  
  98  6:40  Drone x3  
  97  7:04  Mutalisk x7  
  97  7:07  Zergling x8  
  115  7:12  Queen x2  
  115  7:13  Drone  
  120  7:16  Queen  
  120  7:19  Zergling x2  
  120  7:20  Zergling x2  
  120  7:21  Zerg Flyer Armor Level 1  
  124  7:26  Queen  
  124  7:28  Overlord x3  
  126  7:34  Overlord x3  
  126  7:36  Mutalisk  
  122  7:47  Queen  
  122  7:48  Drone  
  122  7:49  Drone, Spore Crawler  
  125  8:00  Overlord x2  
  125  8:01  Roach x11  
  147  8:14  Drone x8  
  147  8:16  Hydralisk Den  
  147  8:18  Infestation Pit, Extractor  
  148  8:20  Extractor  
  147  8:30  Drone x7  
  154  8:36  Zerg Missile Weapons Level 2  
  154  8:42  Evolution Chamber  
  153  8:50  Grooved Spines  
  149  8:56  Hatchery  
  134  9:02  Hive  
  134  9:07  Hydralisk x6  
  140  9:15  Queen x3  
  140  9:16  Hydralisk x9  
  146  9:18  Overseer x2  
  160  9:31  Spine Crawler x2  
  159  9:32  Spine Crawler  
  159  9:33  Hydralisk x4  
  159  9:34  Spine Crawler  
  159  9:36  Zerg Ground Armor Level 1  
  164  9:49  Hydralisk x7  
  164  9:52  Queen  
  180  10:01  Drone x4, Muscular Augments  
  180  10:07  Hydralisk x3  
  180  10:08  Hydralisk  
  184  10:15  Spore Crawler  
  184  10:17  Spore Crawler  
  184  10:18  Viper x2  
  186  10:21  Greater Spire  
  186  10:27  Spine Crawler  
  185  10:35  Hydralisk x4  
  185  10:36  Hydralisk x2  
  185  10:38  Overlord x2  
  197  10:43  Extractor  
  197  10:47  Extractor  
  195  11:06  Zerg Missile Weapons Level 3  
  195  11:12  Pathogen Glands  
  191  11:26  Overseer  
  191  11:27  Overseer  
  191  11:28  Pneumatized Carapace  
  191  11:34  Hydralisk x3  
  183  11:50  Hydralisk x12  
  183  11:53  Hydralisk x12  
  193  11:55  Hydralisk  
  181  12:01  Hydralisk  
  181  12:02  Hydralisk x3  
  181  12:04  Hydralisk  
  181  12:06  Roach x2  
  169  12:10  Roach  
  169  12:11  Roach x4  
  169  12:14  Queen  
  179  12:22  Hydralisk  
  179  12:23  Hydralisk x5  
  179  12:27  Overseer  
  191  12:31  Roach x3  
  191  12:33  Zerg Flyer Weapons Level 1  
  191  12:34  Drone  
  191  12:35  Zerg Melee Weapons Level 1  
  198  12:39  Overseer  
  176  12:46  Roach x10  
  186  12:55  Hydralisk  
  186  12:56  Hydralisk x4  
  148  13:11  Corruptor  
  148  13:12  Corruptor x4  
  158  13:21  Queen x2  
  158  13:25  Queen x2  
  166  13:37  Roach x7  
  160  13:44  Hydralisk x4  
  137  14:05  Queen  
  137  14:07  Brood Lord  
  137  14:08  Brood Lord  
  137  14:09  Brood Lord  
  145  14:15  Brood Lord  
  145  14:16  Brood Lord  
  149  14:17  Spore Crawler  
  149  14:21  Spore Crawler x2  
  149  14:23  Spore Crawler  
  145  14:24  Corruptor  
  145  14:25  Corruptor  
  145  14:31  Hatchery  
  148  14:36  Overseer x2  
  147  14:47  Hydralisk x4  
  149  15:07  Hydralisk x9  
  159  15:18  Hydralisk  
  159  15:19  Hydralisk x4  
  149  15:22  Roach x2  
Show
View Real Time Build Order
Export as new Build Order

avilo Terran 

Build Orders: Gas First Reaper Expand 

Get SALT Encoding   

  12  0:00  SCV  
  13  0:12  SCV  
  14  0:19  Supply Depot  
  14  0:25  SCV  
  15  0:30  Refinery  
  15  0:41  SCV  
  16  0:48  Barracks  
  16  0:53  SCV  
  17  1:05  SCV  
  18  1:17  SCV  
  19  1:34  Orbital Command  
  19  1:35  Reaper  
  20  1:51  Command Center  
  20  2:00  Refinery  
  20  2:01  SCV  
  21  2:13  SCV  
  21  2:15  Factory  
  22  2:18  Barracks Reactor  
  22  2:25  SCV  
  22  2:28  Supply Depot  
  23  2:50  SCV  
  24  3:02  Starport, SCV  
  24  3:04  Orbital Command  
  25  3:07  Hellion  
  25  3:09  Hellion  
  29  3:12  Barracks Tech Lab  
  29  3:15  SCV  
  29  3:27  SCV  
  29  3:31  Hellion  
  32  3:38  SCV  
  32  3:39  SCV  
  34  3:44  Fusion Core  
  34  3:47  Viking  
  36  3:51  SCV x2  
  38  4:03  SCV x2  
  38  4:07  Barracks Tech Lab  
  39  4:10  Supply Depot  
  39  4:13  Hellion x2  
  39  4:15  SCV  
  39  4:16  SCV  
  45  4:26  Supply Depot  
  45  4:27  SCV  
  46  4:31  SCV  
  47  4:38  Battlecruiser  
  47  4:41  SCV  
  54  4:46  Bunker  
  54  4:48  SCV  
  54  4:51  Supply Depot  
  55  4:53  Supply Depot  
  55  4:54  Marauder  
  55  4:56  SCV  
  58  5:00  SCV  
  58  5:06  Refinery x2  
  59  5:08  SCV  
  59  5:13  SCV  
  61  5:20  SCV  
  62  5:24  Weapon Refit  
  62  5:25  SCV  
  62  5:26  Hellion x2  
  67  5:37  Marauder  
  67  5:40  SCV x2  
  67  5:42  Banshee  
  61  5:44  Bunker  
  61  5:49  Hellion x2  
  68  5:52  SCV x2  
  68  5:54  Supply Depot  
  70  6:03  Supply Depot  
  70  6:04  SCV x2, Marauder  
  74  6:12  Command Center  
  74  6:17  SCV x2  
  76  6:21  Armory  
  76  6:29  Battlecruiser  
  82  6:54  SCV x2, Factory  
  82  6:55  Armory, Factory x2  
  84  7:06  SCV x2  
  84  7:08  Engineering Bay  
  86  7:10  Barracks Reactor  
  86  7:14  Terran Vehicle Weapons Level 1  
  86  7:24  Orbital Command  
  86  7:25  Factory  
  86  7:30  Factory  
  86  7:33  SCV  
  86  7:34  SCV  
  88  7:43  Factory Tech Lab  
  88  7:46  Thor  
  88  7:50  SCV x2  
  96  8:02  Drilling Claws  
  96  8:03  Siege Tank  
  99  8:07  Widow Mine x2  
  99  8:09  Viking  
  102  8:12  Missile Turret  
  102  8:13  Orbital Command  
  102  8:14  Missile Turret  
  98  8:22  Factory Tech Lab  
  98  8:24  Factory Reactor  
  98  8:25  Viking  
  100  8:27  SCV x2  
  100  8:31  Missile Turret  
  100  8:32  Missile Turret  
  102  8:38  Siege Tank  
  102  8:39  Widow Mine x2  
  109  8:42  Missile Turret  
  109  8:43  Missile Turret  
  109  8:55  SCV x2  
  109  8:57  SCV, Siege Tank  
  109  9:02  Supply Depot  
  103  9:07  Refinery, SCV  
  103  9:08  Refinery  
  104  9:11  SCV x2  
  105  9:17  Supply Depot  
  105  9:19  Supply Depot x2, SCV  
  105  9:20  Viking  
  108  9:26  SCV  
  109  9:33  Sensor Tower  
  109  9:39  SCV x3, Viking, Siege Tank  
  109  9:40  Siege Tank  
  109  9:45  Supply Depot  
  120  9:46  Supply Depot  
  120  9:48  Siege Tank  
  120  9:51  SCV x2  
  125  9:53  Supply Depot  
  125  9:56  Supply Depot, Terran Vehicle And Ship Armor Level 1  
  125  10:02  Missile Turret  
  125  10:04  Thor  
  125  10:05  Widow Mine  
  125  10:06  Hellion x2, Widow Mine  
  139  10:11  Hellion  
  141  10:15  Siege Tank  
  141  10:17  Ghost Academy, Barracks  
  144  10:26  Siege Tank  
  147  10:41  Terran Vehicle Weapons Level 2  
  147  10:43  Command Center  
  147  10:46  Sensor Tower  
  147  10:47  Widow Mine x4  
  155  11:00  Siege Tank  
  158  11:05  Supply Depot, Barracks Tech Lab  
  158  11:16  Siege Tank x2  
  164  11:26  Ghost  
  164  11:29  Widow Mine x5  
  176  11:33  Widow Mine  
  178  11:43  Refinery  
  147  11:54  Refinery  
  132  12:02  Siege Tank x4  
  132  12:03  Widow Mine x2  
  132  12:07  Hellion x2  
  134  12:24  Hellion x2  
  134  12:26  SCV x3  
  134  12:27  Viking  
  134  12:28  Hellion, Viking  
  147  12:35  Command Center  
  147  12:38  Refinery  
  147  12:39  Refinery  
  126  12:44  Siege Tank x2  
  126  12:45  Hellion, Siege Tank x2  
  126  12:46  Hellion x2  
  113  13:01  Hellion  
  107  13:07  Hellion  
  107  13:09  Widow Mine x2  
  113  13:16  Siege Tank x2  
  113  13:17  Siege Tank  
  122  13:24  Refinery  
  122  13:25  Siege Tank  
  122  13:26  Widow Mine  
  127  13:31  Refinery  
  127  13:39  Missile Turret  
  105  13:48  Siege Tank  
  105  13:54  Siege Tank x2  
  105  13:55  Widow Mine x4  
  120  13:58  Widow Mine  
  120  14:00  Planetary Fortress  
  122  14:05  SCV  
  122  14:06  SCV  
  124  14:14  Viking x2  
  128  14:21  Starport  
  128  14:24  Ghost  
  128  14:26  SCV x2  
  128  14:27  SCV  
  128  14:30  Sensor Tower  
  133  14:44  Planetary Fortress  
  133  14:45  Missile Turret  
  133  14:49  Viking x2  
  109  15:19  Viking x2  
Tags
 
Add a new tag
Caveats
  • Supply blocks, unpowered buildings, or Contaminate may cause inaccurate times.
  • Supply counts are checked every 10 seconds.